 Dungeon Crawl Stone Soup version 0.24.0-37-gcf1ca852f1 (webtiles) character file.

Game seed: 7311499877469469684, levelgen mode: deterministic

345 grindst0ne the Slasher (level 6, -10/51 HPs)
             Began as a Gnoll Wanderer on Nov 30, 2019.
             Mangled by an orc warrior
             ... wielding a +0 war axe
              (15 damage)
             ... on level 4 of the Dungeon.
             The game lasted 00:03:41 (2134 turns).

grindst0ne the Slasher (Gnoll Wanderer)             Turns: 2134, Time: 00:03:41

Health: -10/51     AC:  7    Str: 16    XL:     6   Next: 58%
Magic:  9/9        EV: 11    Int: 13    God:
Gold:   181        SH:  0    Dex: 16    Spells: 9/9 levels left

rFire    . . .     SeeInvis +   a - +2 hand axe
rCold    . . .     Gourm    .   (no shield)
rNeg     . . .     Faith    .   b - +0 ring mail
rPois    .         Spirit   .   (no helmet)
rElec    .         Reflect  .   (no cloak)
rCorr    .         Harm     .   t - +0 pair of gloves
MR       .....                  (no boots)
Stlth    ++........             (no amulet)
HPRegen  0.17/turn              p - ring of see invisible
MPRegen  0.11/turn              (no ring)

@: no status effects
A: distributed training, fangs 1, strong nose
a: no special abilities


You were on level 4 of the Dungeon.
You were not hungry.

You visited 1 branch of the dungeon, and saw 4 of its levels.

You collected 181 gold pieces.

Inventory:

Hand Weapons
 a - a +2 hand axe (weapon)
 c - a +0 falchion
Armour
 b - a +0 ring mail (worn)
 t - a +0 pair of gloves (worn)
Jewellery
 p - a ring of see invisible (left hand)
 q - an uncursed ring of fire
 u - an uncursed amulet of the gourmand {unknown}
Wands
 n - a wand of acid (3)
Scrolls
 h - 3 scrolls of teleportation {unknown}
 i - 2 scrolls of random uselessness {unknown}
 j - a scroll of identify {unknown}
 l - a scroll of fear {unknown}
 r - 2 scrolls of blinking {unknown}
 s - 2 scrolls of remove curse {unknown}
 v - a scroll of enchant armour {unknown}
Potions
 e - 3 potions of curing {unknown}
 g - 2 potions of might {unknown}
 k - a potion of mutation {unknown}
 m - a potion of heal wounds {unknown}
 o - 2 potions of brilliance {unknown}
Comestibles
 d - 10 rations
 f - 3 chunks of flesh


   Skills:
 + Level 5.0 Fighting
 + Level 2.0 Short Blades
 + Level 6.8 Long Blades
 + Level 3.2 Axes
 + Level 2.0 Maces & Flails
 + Level 2.0 Polearms
 + Level 2.0 Staves
 + Level 2.0 Slings
 + Level 2.0 Bows
 + Level 2.0 Crossbows
 + Level 3.2 Throwing
 + Level 5.0 Armour
 + Level 2.0 Dodging
 + Level 3.1 Stealth
 + Level 2.0 Shields
 + Level 2.0 Unarmed Combat
 + Level 2.0 Spellcasting
 + Level 1.5 Conjurations
 + Level 1.5 Hexes
 + Level 1.5 Charms
 + Level 1.5 Summonings
 + Level 1.5 Necromancy
 + Level 1.5 Translocations
 + Level 1.5 Transmutations
 + Level 1.5 Fire Magic
 + Level 1.5 Ice Magic
 + Level 1.5 Air Magic
 + Level 1.5 Earth Magic
 + Level 1.5 Poison Magic
 + Level 2.2 Invocations
 + Level 2.0 Evocations


You had 9 spell levels left.
You didn't know any spells.
Your spell library was empty.

Dungeon Overview and Level Annotations

Branches:
Dungeon (4/15)
 Temple: D:4-7

Altars:
Kikubaaqudgha


Innate Abilities, Weirdness & Mutations

Your experience applies equally to all skills.
You have very sharp teeth.
Your uncanny sense of smell can sniff out nearby items.


Message History

The orc priest shouts!
You feel sick.
You are no longer poisoned.
Evoke which item? (* to show all) (? for menu, Esc to quit)
Aiming: Corrosive Bolt
Press: ? - help, Shift-Dir - straight line, f/p - orc warrior
Aim: an orc warrior, wielding a +0 war axe and wearing a +0 plate armour (heavily wounded, covered in acid)
The bolt of acid misses the orc warrior.
The orc priest invokes the aid of Beogh against you.
Beogh smites you!
The orc warrior hits you with a +0 war axe.
You hit the orc warrior but do no damage.
The orc warrior is heavily wounded.
The orc warrior hits you with a +0 war axe!!
* * * LOW HITPOINT WARNING * * *
The orc shouts!
You slash the orc warrior!
The orc warrior is severely wounded.
The orc warrior hits you with a +0 war axe!
You die...

.. ### .. #.. #
#.###.#########
#.#.#....<.[.....
##.#..............
.........รท........
#.#....<..##.####
#............
#).@oo.###.###
#.#.#'## # #.#.# o.
# #.. ... #.. ...
.... .. ##.. . #.#


You could see an orc warrior, an orc priest and an orc.

Vanquished Creatures
  A howler monkey (D:4)
  A jelly (D:2)
  An orc priest (D:3)
  A centaur skeleton (D:3)
  2 worker ants (D:3)
  6 adders
  4 worms
  3 dart slugs
  2 leopard geckos
  5 orcs (D:3)
  3 ball pythons
  8 bats
  3 bat zombies (D:3)
  4 giant cockroaches
  8 hobgoblins
  5 jackals
  2 quokkas
  7 frilled lizards
  7 goblins
  14 kobolds
  A quokka skeleton (D:4)
  8 rats
  A rat zombie (D:3)
97 creatures vanquished.

Notes
Turn   | Place    | Note
-------+----------+-------------------------------------------
     0 | D:1      | grindst0ne the Gnoll Wanderer began the quest for the Orb.
     0 | D:1      | grindst0ne set off with the following items: a +2 hand axe,
                  | a +0 ring mail, a +0 falchion, a ration
     0 | D:1      | Reached XP level 1. HP: 20/20 MP: 1/1
    68 | D:1      | Reached XP level 2. HP: 24/26 MP: 2/2
   304 | D:1      | Reached XP level 3. HP: 25/31 MP: 3/3
   516 | D:2      | Reached skill level 1 in Invocations
   608 | D:2      | Reached skill level 1 in Short Blades
   608 | D:2      | Reached skill level 1 in Maces & Flails
   608 | D:2      | Reached skill level 1 in Polearms
   608 | D:2      | Reached skill level 1 in Staves
   608 | D:2      | Reached skill level 1 in Slings
   608 | D:2      | Reached skill level 1 in Bows
   608 | D:2      | Reached skill level 1 in Crossbows
   608 | D:2      | Reached skill level 1 in Dodging
   608 | D:2      | Reached skill level 1 in Shields
   608 | D:2      | Reached skill level 1 in Unarmed Combat
   608 | D:2      | Reached skill level 1 in Spellcasting
   608 | D:2      | Reached skill level 1 in Evocations
   608 | D:2      | Reached XP level 4. HP: 11/38 MP: 5/5
   925 | D:2      | Reached skill level 1 in Conjurations
   925 | D:2      | Reached skill level 1 in Hexes
   925 | D:2      | Reached skill level 1 in Charms
   925 | D:2      | Reached skill level 1 in Summonings
   925 | D:2      | Reached skill level 1 in Necromancy
   925 | D:2      | Reached skill level 1 in Translocations
   925 | D:2      | Reached skill level 1 in Transmutations
   925 | D:2      | Reached skill level 1 in Fire Magic
   925 | D:2      | Reached skill level 1 in Ice Magic
   925 | D:2      | Reached skill level 1 in Air Magic
   925 | D:2      | Reached skill level 1 in Earth Magic
   925 | D:2      | Reached skill level 1 in Poison Magic
  1089 | D:2      | Reached XP level 5. HP: 14/43 MP: 6/6
  1485 | D:3      | Found a faded altar of an unknown god.
  1650 | D:3      | Found an ancient bone altar of Kikubaaqudgha.
  1792 | D:3      | Reached XP level 6. HP: 31/50 MP: 8/8
  2117 | D:4      | Reached skill level 5 in Fighting
  2117 | D:4      | Reached skill level 5 in Armour
  2130 | D:4      | Noticed an orc warrior
  2134 | D:4      | Mangled by an orc warrior

Levels and vault maps discovered:
D:1:      saegor_arrival_simple_b, layout_rooms, hangedman_decor_growths
D:2:      minmay_recursive_quarters, layout_loops_ring, first_ration,
          minmay_bisected
D:3:      layout_loops_ring, lemuel_zombie_altar_kikubaaqudgha,
          chequers_ecumenical_altar_grove, minmay_goblin_kobold_house
D:4:      layout_basic, nicolae_overflow_crystal_walls

Skill      XL: |  1  2  3  4  5  6 |
---------------+-------------------+-----
Invocations    | 1 2 |  2.2
Short Blades   | 1 2 |  2.0
Maces & Flails | 1 2 |  2.0
Polearms       | 1 2 |  2.0
Staves         | 1 2 |  2.0
Slings         | 1 2 |  2.0
Bows           | 1 2 |  2.0
Crossbows      | 1 2 |  2.0
Dodging        | 1 2 |  2.0
Shields        | 1 2 |  2.0
Unarmed Combat | 1 2 |  2.0
Spellcasting   | 1 2 |  2.0
Evocations     | 1 2 |  2.0
Conjurations   | 1 |  1.5
Hexes          | 1 |  1.5
Charms         | 1 |  1.5
Summonings     | 1 |  1.5
Necromancy     | 1 |  1.5
Translocations | 1 |  1.5
Transmutations | 1 |  1.5
Fire Magic     | 1 |  1.5
Ice Magic      | 1 |  1.5
Air Magic      | 1 |  1.5
Earth Magic    | 1 |  1.5
Poison Magic   | 1 |  1.5
Axes           | 3 |  3.2
Throwing       | 3 |  3.2
Stealth        | 3 |  3.1
Fighting       | 5 |  5.0
Armour         | 5 |  5.0
Long Blades    | |  6.8

Action                   |  1- 3 |  4- 6 || total
-------------------------+-------+-------++-------
Melee: Hand axe          |    75 |   197 ||   272
       Bite              |    12 |    16 ||    28
       Punch             |       |     2 ||     2
Evoke: Wand              |       |     2 ||     2
 Stab: Sleeping          |     2 |     1 ||     3
  Eat: Chunk             |       |     4 ||     4
Armor: Ring mail         |    49 |    74 ||   123
Dodge: Dodged            |    39 |   117 ||   156
